 Dungeon Crawl Stone Soup version 0.18-a0-1267-gff090c1 (webtiles) character file.

567 kae the Firebug (level 6, -5/45 HPs)
             Began as a Demigod Fire Elementalist on Feb 6, 2016.
             Slain by an ogre
             ... wielding a +0 giant spiked club
              (19 damage)
             ... on level 5 of the Dungeon.
             The game lasted 00:06:24 (4810 turns).

kae the Firebug (Demigod Fire Elementalist)         Turns: 4810, Time: 00:06:24

Health: -5/45      AC:  4    Str: 11    XL:     6   Next: 85%
Magic:  4/14       EV: 12    Int: 23    God:
Gold:   255        SH:  0    Dex: 16    Spells: 3 memorised, 5 levels left

rFire  . . .     SeeInvis .     B - +0 falchion
rCold  . . .     Gourm    .     a - +0 robe
rNeg   . . .     Faith    .     (no shield)
rPois  .         Spirit   .     (no helmet)
rElec  .         Dismiss  .     h - +1 cloak
rCorr  .         Reflect  .     (no gloves)
SustAt +         Harm     .     (no boots)
MR     +....                    (no amulet)
Stlth  +++.......               u - ring of protection from magic
                                q - ring of stealth

@: somewhat resistant to hostile enchantments, fairly stealthy
A: high mp 1, sustain attributes
a: no special abilities


You were on level 5 of the Dungeon.
You were not hungry.

You visited 1 branch of the dungeon, and saw 5 of its levels.

You collected 255 gold pieces.

Inventory:

Hand Weapons
 B - a +0 falchion (weapon)
Armour
 a - a +0 robe (worn)
 h - a +1 cloak (worn)
Jewellery
 q - a ring of stealth (left hand)
 u - a ring of protection from magic (right hand)
Wands
 m - a wand of lightning (15/15)
Scrolls
 f - 2 scrolls of identify
 k - a scroll of enchant armour
 n - 2 scrolls of enchant weapon
 o - 2 scrolls of random uselessness
 w - a scroll of fear {unknown}
 x - a scroll of teleportation
 y - a scroll of recharging
 D - a scroll of magic mapping
Potions
 d - 3 potions of heal wounds
 e - a potion of brilliance
 i - a potion of mutation
 l - a potion of agility
 p - a potion of might {unknown}
 r - 5 potions of curing
 s - a potion of resistance {unknown}
 v - a potion of cure mutation
 z - a potion of degeneration {unknown}
Books
 b - a book of Flames

   Spells                             Type                      Level
   a - Flame Tongue                   Conjuration/Fire             1
   b - Throw Flame                    Conjuration/Fire             2
   c - Conjure Flame                  Conjuration/Fire             3
   d - Inner Flame                    Hexes/Fire                   3
   e - Sticky Flame                   Conjuration/Fire             4
   f - Fireball                       Conjuration/Fire             5
Comestibles
 c - 3 bread rations
 g - a royal jelly
 j - 2 meat rations
 t - a slice of pizza
 C - a beef jerky


   Skills:
 - Level 1.7 Dodging
 - Level 1.7 Stealth
 + Level 3.3 Spellcasting
 * Level 4.5 Conjurations
 * Level 4.9 Fire Magic


You had 5 spell levels left.
You knew the following spells:

 Your Spells              Type           Power        Failure   Level  Hunger
a - Flame Tongue          Conj/Fire      ####.        1%          1    None
b - Throw Flame           Conj/Fire      ####..       2%          2    ##.....
c - Conjure Flame         Conj/Fire      ####....     6%          3    ###....


Dungeon Overview and Level Annotations

Branches:
Dungeon (5/15)             Temple (0/1) D:4


Innate Abilities, Weirdness & Mutations

You have an increased reservoir of magic (+10% MP).
Your attributes are resistant to harm.


Message History

Aiming: Flame Tongue
Press: ? - help, Shift-Dir - straight line, f/p - ogre
Aim: an ogre, wielding a giant spiked club The flame tongue hits the ogre.
The ogre is lightly wounded.
Casting: Flame Tongue
Confirm with . or Enter, or press ? or * to list all spells.
Aiming: Flame Tongue
Press: ? - help, Shift-Dir - straight line, f/p - ogre
Aim: an ogre, wielding a giant spiked club (lightly wounded)
The flame tongue misses the ogre.
Casting: Flame Tongue
Confirm with . or Enter, or press ? or * to list all spells.
Aiming: Flame Tongue
Press: ? - help, Shift-Dir - straight line, f/p - ogre
Aim: an ogre, wielding a giant spiked club (lightly wounded)
The flame tongue hits the ogre.
The ogre is moderately wounded.
The ogre hits you with a giant spiked club!!
You die...

#.#.#...# #.#.#...#
########
#.#.....######.......
#....................
#########..#.#####O....(.
#....#.....#.#####.......
#.##.#.###.#.......#
###.##.#...#.#######.#
....##.###(#...#@O...#
.#####..<#...#.#.....#
.###########.#)#...)##
..........##.#.####...
#########.##.#)# ......
#.##.#.# #...... #....#)#
#...... #####..# ####.##
#.##


You could see an ogre.

Vanquished Creatures
  An ice beast (D:5)
  An ogre (D:4)
  A jelly (D:5)
  An orc priest (D:5)
  3 orc wizards
  A worker ant (D:4)
  8 gnolls
  3 adders
  A shadow imp (D:5)
  An ooze (D:2)
  3 worms
  5 giant geckos
  10 orcs
  6 bats
  4 giant cockroaches
  4 goblins
  7 hobgoblins
  11 jackals
  A quokka (D:4)
  2 ball pythons
  4 giant newts
  5 kobolds
  A quokka skeleton (D:4)
  8 rats
92 creatures vanquished.

Vanquished Creatures (others)
  5 toadstools (D:1)
5 creatures vanquished.

Grand Total: 97 creatures vanquished

Notes
Turn   | Place    | Note
--------------------------------------------------------------
     0 | D:1      | kae the Demigod Fire Elementalist began the quest for the Orb.
     0 | D:1      | Reached XP level 1. HP: 14/14 MP: 5/5
    78 | D:1      | Reached skill level 1 in Conjurations
   295 | D:1      | Reached skill level 3 in Fire Magic
   305 | D:1      | Reached XP level 2. HP: 17/20 MP: 0/7
   659 | D:1      | Found a shattered altar of Ashenzari.
  1334 | D:2      | Reached XP level 3. HP: 26/26 MP: 4/8
  1335 | D:2      | Found a sparkling altar of Nemelex Xobeh.
  1703 | D:2      | Reached XP level 4. HP: 33/33 MP: 7/10
  2032 | D:2      | Found a burning altar of Makhleb.
  2032 | D:2      | Noticed a cacodemon
  2035 | D:2      | Noticed a ynoxinul
  2035 | D:2      | Noticed a hellwing
  3109 | D:4      | Found a shadowy altar of Dithmenos.
  3120 | D:4      | Reached XP level 5. HP: 25/38 MP: 3/11
  3221 | D:4      | Noticed an ogre
  4106 | D:4      | Found a staircase to the Ecumenical Temple.
  4163 | D:4      | Reached skill level 4 in Fire Magic
  4344 | D:4      | Learned a level 2 spell: Throw Flame
  4348 | D:4      | Learned a level 3 spell: Conjure Flame
  4356 | D:4      | Killed an ogre
  4356 | D:4      | Reached XP level 6. HP: 45/45 MP: 6/13
  4478 | D:5      | Entered Level 5 of the Dungeon
  4810 | D:5      | Slain by an ogre

Vault maps used:
D:1:      ldierk_walled_garden, evilmike_ruin_ashenzari
D:2:      nemelex_xobeh_ov_fountains_minmay, makhleb_altar_promises_db,
          first_bread, grunt_decor_one_mirror
D:4:      nicolae_dithmenos_the_darkroom, minmay_temple_entry_poolview
D:5:      grunt_qazlal_sundering

Action                   |  1- 3 |  4- 6 || total
-------------------------+-------+-------++-------
Melee: Unarmed           |    36 |    13 ||    49
 Cast: Flame Tongue      |    63 |   155 ||   218
       Throw Flame       |       |     2 ||     2
  Use: Scroll            |       |    14 ||    14
  Eat: Chunk             |     3 |     9 ||    12
